AoeStats
← Lil Fabrice

Arena

509862804Analyzed
4v4 RM · 4d ago on Sep 28, 2026· 27m 18s· 8 players
Game mode
Random Map
Map size
Large (8 player)
Population
200
Speed
Normal
Resources
Standard
Victory
Conquest
Starting age
Dark Age
Ending age
Imperial Age
RankedLock teamsTeams togetherTeam positionsShared explorationLock speedFull tech treeHidden civsTurbo modeCheats
Victory
Defeat
🇹🇼 Danes · Taiwan
1500
+16
🇹🇼 Khmer · Taiwan
1466
+17
🇨🇳 Bengalis · China
1465
+17
1461
+17
🇫🇷 Burgundians · France
1562
-19
🇩🇿 Shu · Algeria
1552
-19
🇨🇳 Khitans · China
1435
-15
🇮🇹 Italians · Italy
1428
-14
經典永不退流行
10:45 Feudal Age
14:31 Castle Age
14:04 Double-Bit Axe
14:50 Loom
16:01 Bow Saw
16:45 Scale Mail Armor
22:46 Chain Mail Armor
丙酮酸嗦话梅
9:36 Feudal Age
8:53 Loom
13:16 Castle Age
11:25 Double-Bit Axe
12:30 Gold Mining
16:50 Sanctity
18:40 Horse Collar
22:06 Wheelbarrow
24:39 Hand Cart
24:57 Stone Mining
25:03 Town Watch
26:06 Fervor
27:27 Bow Saw
soundness27
10:36 Feudal Age
13:47 Castle Age
12:23 Double-Bit Axe
13:12 Horse Collar
18:37 Loom
22:19 Bow Saw
24:03 Heavy Plow
24:45 Wheelbarrow
24:40 Town Watch
24:49 Gold Mining
26:03 Hand Cart
26:26 Scale Barding Armor
26:32 Forging
27:11 Gold Shaft Mining
27:27 Chain Barding Armor
27:32 Husbandry
27:42 Bloodlines
微变等效电路法
9:50 Feudal Age
10:45 Loom
13:41 Castle Age
12:04 Double-Bit Axe
13:22 Horse Collar
20:56 Bow Saw
22:08 Bloodlines
24:35 Scale Barding Armor
24:48 Forging
25:35 Wheelbarrow
26:28 Iron Casting
26:22 Scale Barding Armor
Lil Fabrice
3:40 Double-Bit Axe
6:31 Horse Collar
10:35 Feudal Age
14:58 Castle Age
13:52 Heavy Plow
14:49 Bow Saw
15:01 Light Cavalry
15:47 Husbandry
17:03 Light Cavalry
20:55 Wheelbarrow
23:00 Devotion
23:38 Forging
24:56 Town Watch
25:38 Scale Barding Armor
26:13 Gold Mining
26:00 Cavalier
Jozzif
11:08 Feudal Age
15:17 Castle Age
13:30 Horse Collar
13:58 Double-Bit Axe
14:56 Fletching
15:07 Gold Mining
16:05 Crossbowman
18:21 Bodkin Arrow
19:07 Padded Archer Armor
19:41 Loom
22:55 Wheelbarrow
GdR_Tuna
10:55 Feudal Age
14:34 Castle Age
12:39 Double-Bit Axe
12:35 Horse Collar
15:43 Bow Saw
直接肘
10:14 Feudal Age
11:18 Double-Bit Axe
14:06 Castle Age
12:38 Domestication
15:11 Bow Saw
20:40 Wheelbarrow
21:16 Scale Barding Armor
21:38 Husbandry
22:03 Devotion
22:15 Loom
22:48 Forging
25:30 Gold Mining
26:33 Iron Casting
Connection lost

Rejoining the realm…

Still unreachable

The connection could not be restored.

Session expired

The server has moved on; the page needs a fresh start.